 Dungeon Crawl Stone Soup version 0.20.1-1-g8b1a95d (webtiles) character file.

132 Saithnar the Vexing (level 4, -2/36 HPs)
             Began as a Centaur Arcane Marksman on Aug 18, 2017.
             Killed from afar by an orc wizard (5 damage)
             ... with a magic dart
             ... on level 3 of the Dungeon.
             The game lasted 00:15:29 (2169 turns).

Saithnar the Vexing (Centaur Arcane Marksman)       Turns: 2169, Time: 00:15:31

Health: -2/36      AC:  5    Str: 12    XL:     4   Next: 92%
Magic:  6/6        EV:  9    Int: 12    God:
Gold:   73         SH:  0    Dex: 11    Spells: 4/5 levels left

rFire    + . .     SeeInvis .   a - +0 shortbow
rCold    + . .     Gourm    .   (shield currently unavailable)
rNeg     . . .     Faith    .   l - +0 leather armour
rPois    +         Spirit   .   (no helmet)
rElec    +         Reflect  .   g - +0 cloak
rCorr    +         Harm     .   (no gloves)
MR       .....     Clarity  +   (no barding)
Stlth    ..........             (no amulet)
Regen    0.2/turn               (no ring)
MPRegen  0.1/turn               (no ring)

@: confused, resistant, berserk cooldown, slowed
A: hooves 3, clarity, deformed body, speed 2, tough skin 3
a: no special abilities


You were on level 3 of the Dungeon.
You were not hungry.

You visited 1 branch of the dungeon, and saw 3 of its levels.

You collected 73 gold pieces.

Inventory:

Hand Weapons
 a - a +0 shortbow (weapon)
 k - a +2 hunting sling of velocity
 v - a +0 dagger
 w - a +0 hunting sling
Missiles
 d - 29 arrows (quivered)
 h - 4 tomahawks
 j - 6 poisoned needles
 o - 19 bolts
Armour
 e - a +0 robe
 g - a +0 cloak (worn)
 l - a +0 leather armour (worn)
 t - a +0 robe
 x - a +0 ring mail
 y - a +0 leather armour
Scrolls
 i - 2 scrolls of magic mapping
 m - 3 scrolls of identify
 z - a scroll of enchant weapon
Potions
 n - 2 potions of magic
 A - a potion of flight {unknown}
Books
 c - a book of Debilitation

   Spells                             Type                      Level
   a - Corona                         Hexes                        1
   b - Slow                           Hexes                        2
   c - Inner Flame                    Hexes/Fire                   3
   d - Portal Projectile              Hexes/Translocation          3
   e - Cause Fear                     Hexes                        4
   f - Leda's Liquefaction            Hexes/Earth                  4
Comestibles
 b - a meat ration
 f - 2 bread rations


   Skills:
 + Level 2.0 Fighting
 * Level 2.1 Slings
 - Level 3.2 Bows
 + Level 1.8 Dodging
 + Level 1.4 Spellcasting
 + Level 3.6 Hexes


You had 4 spell levels left.
You knew the following spells:

 Your Spells              Type           Power        Failure   Level  Hunger
a - Corona                Hex            #......      9%          1    ##.....


Dungeon Overview and Level Annotations

Branches:
Dungeon (3/15)

Altars:
Fedhas
Kikubaaqudgha
Nemelex Xobeh

Annotations:
D:2 1 runed door


Innate Abilities, Weirdness & Mutations

You have hooves in place of feet.
Armour fits poorly on your strangely shaped body.
You cover ground very quickly.
You have extremely tough skin. (AC +3)
You possess an exceptional clarity of mind.


Message History

You hear some strange, mumbled words.
Something tries to affect you, but you resist.
Things that are here:
an arrow; a club; a runed leather armour You hear some strange, mumbled words.
Something tries to affect you, but you resist.
An orc wizard appears from thin air!
Reactivating autopickup.
The orc wizard points at you and mumbles some strange words.
You are confused.
It was a potion of resistance.
You feel protected. The orc wizard hits you with a dagger.
* * * LOW HITPOINT WARNING * * *
The orc wizard hits you but does no damage.
It was a potion of mutation.
You feel extremely strange.
You feel robust.
You feel frail.
Your thoughts seem clearer.
The orc wizard points at you and mumbles some strange words.
The magic dart hits you!
You die...

####..##### ##.........##
#..#######..#### ######..#
### #...{..
#.......#######.#####
#.......'.._..+.#####
#.....((###.###......
#....o#.# #.# #.#####
#...@.#†###'###.#
#.....#((.(...).#
..#####.######........(....
.......)..>......##.#######
...####)######.####.# #.#
#.# #.# #l# #.# #.#
..#.####.######.. #.#
................. #.#


You could see an orc wizard.

Vanquished Creatures
  Jessica (D:2)
  Natasha (twice) (D:2)
  A worm (D:2)
  2 dart slugs
  A leopard gecko (D:2)
  4 orcs (D:3)
  2 giant cockroaches
  10 goblins
  7 hobgoblins
  A ball python (D:2)
  4 bats
  3 frilled lizards
  5 kobolds (D:1)
  3 rats
46 creatures vanquished.

Notes
Turn   | Place    | Note
-------+----------+-------------------------------------------
     0 | D:1      | Saithnar the Centaur Arcane Marksman began the quest for the Orb.
     0 | D:1      | Reached XP level 1. HP: 16/16 MP: 2/2
   412 | D:1      | Reached XP level 2. HP: 23/23 MP: 3/3
  1444 | D:2      | Reached XP level 3. HP: 28/28 MP: 4/4
  1589 | D:2      | Noticed Jessica
  1591 | D:2      | Killed Jessica
  1591 | D:2      | Reached skill level 1 in Slings
  1623 | D:2      | Noticed Natasha
  1633 | D:2      | Killed Natasha
  1633 | D:2      | Reached XP level 4. HP: 28/36 MP: 3/5
  1650 | D:2      | Found a sparkling altar of Nemelex Xobeh.
  1780 | D:2      | Found a blossoming altar of Fedhas.
  1825 | D:2      | Found a runed door.
  1862 | D:2      | Noticed Natasha
  1869 | D:2      | Killed Natasha
  2051 | D:3      | Found an ancient bone altar of Kikubaaqudgha.
  2169 | D:3      | Gained mutation: You are robust. (+10% HP) [potion of mutation]
  2169 | D:3      | Lost mutation: You are robust. (+10% HP) [potion of mutation]
  2169 | D:3      | Gained mutation: You possess an exceptional clarity of mind. [potion of mutation]
  2169 | D:3      | Killed from afar by an orc wizard

Skill      XL: |  1  2  3  4 |
---------------+-------------+-----
Hexes          | 3 |  3.6
Bows           | 3 |  3.2
Slings         | 1 2 |  2.1
Fighting       | 2 |  2.0
Dodging        | |  1.8
Spellcasting   | |  1.4

Action                   |  1- 3 |  4- 6 || total
-------------------------+-------+-------++-------
Melee: Shortbow          |       |     3 ||     3
       Kick              |       |     1 ||     1
 Fire: Shortbow          |    42 |     6 ||    48
       Hunting sling     |    49 |    34 ||    83
Throw: Tomahawk          |       |     2 ||     2
 Cast: Corona            |     1 |     3 ||     4
  Use: Scroll            |     8 |     3 ||    11
       Potion            |     2 |     3 ||     5
  Eat: Royal jelly       |       |     1 ||     1
       Chunk             |       |     1 ||     1
Armor: Robe              |    19 |       ||    19
       Leather armour    |     3 |     9 ||    12
Dodge: Dodged            |    21 |    12 ||    33
